 Dungeon Crawl Stone Soup version 0.22.1-2-g9c5b331 (webtiles) character file.

181013 HoaS the Brawler (level 18, -2/126 HPs)
             Began as a Gargoyle Berserker on Dec 25, 2018.
             Was the Champion of Trog.
             Slain by a water elemental (7 damage)
             ... summoned by Ilsuiw
             ... on level 3 of the Shoals on Dec 26, 2018.
             The game lasted 01:57:10 (30871 turns).

HoaS the Brawler (Gargoyle Berserker)              Turns: 30871, Time: 01:57:10

Health: -2/126     AC: 43    Str: 28    XL:     18   Next: 29%
Magic:  18/18      EV: 21    Int: 10    God:    Trog [******]
Gold:   1912       SH:  3    Dex: 15    Spells: 17/17 levels left

rFire    . . .     SeeInvis .     - Unarmed
rCold    + . .     Gourm    .   (no shield)
rNeg     + . .     Faith    .   K - quicksilver dragon scales
rPois    ∞         Spirit   .   y - +2 helmet
rElec    +         Reflect  +   x - +2 cloak
rCorr    .         Harm     .   d - +2 pair of gloves
MR       ++++.                  R - +2 pair of boots {run}
Stlth    ++........             U - +3 amulet of reflection
HPRegen  1.31/turn              t - +2 ring of evasion
MPRegen  0.16/turn              P - ring of Jeenusa {*Drain rC+ Str+4 Dex+3 Stlth+}

@: flying, mesmerised, regenerating, quick
A: big wings, negative energy resistance 1, electricity resistance, unbreathing,
petrification resistance, rot immunity, AC +13
a: Stop Flying, Berserk, Trog's Hand, Brothers in Arms, Renounce Religion


You were on level 3 of the Shoals.
You worshipped Trog.
Trog was exalted by your worship.
You were hungry.

You visited 5 branches of the dungeon, and saw 28 of its levels.
You also visited: Ice Cave and Volcano.

You collected 4054 gold pieces.
You spent 2142 gold pieces at shops.

Inventory:

Armour
 d - a +2 pair of gloves (worn)
 p - the +3 pair of boots of Pimeato {Dex+6 Stlth+}
   (You found it in a volcano)

   It affects your dexterity (+6).
   It makes you more stealthy.
 x - a +2 cloak (worn)
 y - a +2 helmet (worn)
 K - quicksilver dragon scales (worn)
 O - the +2 pair of boots of the Assassin {Detection Stab+ Stlth++}
   (You found it in an ice cave)

   It makes you much more stealthy.
 R - a +2 pair of boots of running (worn)
Jewellery
 g - a +2 ring of evasion
 l - an uncursed ring of see invisible
 t - a +2 ring of evasion (left hand)
 I - an uncursed ring of protection from fire
 M - an uncursed ring of protection from cold
 P - the ring of Jeenusa (right hand) {*Drain rC+ Str+4 Dex+3 Stlth+}
   (You found it on level 14 of the Dungeon)

   [ring of strength]

   It affects your strength (+4).
   It affects your dexterity (+3).
   It protects you from cold.
   It causes draining when unequipped.
   It makes you more stealthy.
 U - a +3 amulet of reflection (around neck)
Wands
 c - a wand of paralysis (29)
 m - a wand of digging (23)
 q - a wand of disintegration (21)
 r - a wand of polymorph (56)
 z - a wand of iceblast (8)
 A - a wand of random effects (7)
 Q - a wand of clouds (7)
Scrolls
 e - 20 scrolls of teleportation
 j - 2 scrolls of identify
 n - 6 scrolls of enchant weapon
 o - 2 scrolls of holy word
 s - 4 scrolls of fog
 w - a scroll of silence
 D - 15 scrolls of remove curse
 E - 2 scrolls of magic mapping
 F - 4 scrolls of blinking
 G - 3 scrolls of fear
 J - a scroll of enchant armour
 T - a scroll of brand weapon
Potions
 a - 16 potions of curing
 f - 4 potions of berserk rage
 h - 12 potions of heal wounds
 i - 4 potions of resistance
 k - 6 potions of agility
 u - a potion of lignification
 v - a potion of invisibility
 B - a potion of ambrosia
 C - a potion of mutation
 H - 2 potions of cancellation
 L - 2 potions of might
 N - a potion of haste
Comestibles
 b - 40 rations
 S - 9 chunks of flesh


   Skills:
 + Level 18.7 Fighting
 + Level 14.7 Armour
 + Level 11.2 Dodging
 * Level 18.8 Unarmed Combat


You had 17 spell levels left.
You didn't know any spells.
Your spell library contained the following spells:

 Spells                   Type           Power        Failure   Level  Hunger
 Animate Skeleton         Necr           N/A          43%         1    ##.....
 Beastly Appendage        Tmut           #.....       43%         1    ##.....
 Confusing Touch          Hex            #.....       43%         1    ##.....
 Corona                   Hex            #......      43%         1    ##.....
 Freeze                   Ice            #...         43%         1    ##.....
 Infusion                 Chrm           #...         43%         1    ##.....
 Magic Dart               Conj           #...         43%         1    ##.....
 Pain                     Necr           #...         43%         1    ##.....
 Summon Small Mammal      Summ           #...         43%         1    ##.....
 Call Imp                 Summ           #.......     58%         2    ###....
 Passwall                 Tmut/Erth      #.......     58%         2    ###....
 Shroud of Golubria       Chrm/Tloc      #.........   58%         2    ###....
 Slow                     Hex            #.......     58%         2    ###....
 Song of Slaying          Chrm           #.......     58%         2    ###....
 Sticks to Snakes         Tmut           #.......     58%         2    ###....
 Swiftness                Chrm/Air       #.......     58%         2    ###....
 Throw Flame              Conj/Fire      #.....       58%         2    ###....
 Throw Frost              Conj/Ice       #.....       58%         2    ###....
 Call Canine Familiar     Summ           #.......     82%         3    ####...
 Confuse                  Hex            #.......     82%         3    ####...
 Gell's Gravitas          Tloc           #.........   82%         3    ####...
 Inner Flame              Hex/Fire       #.......     82%         3    ####...
 Mephitic Cloud           Conj/Pois/Air  #.......     82%         3    ####...
 Ozocubu's Armour         Chrm/Ice       #.......     82%         3    ####...
 Portal Projectile        Hex/Tloc       #.....       82%         3    ####...
 Recall                   Summ/Tloc      N/A          82%         3    ####...
 Regeneration             Chrm/Necr      #.........   82%         3    ####...
 Spectral Weapon          Hex/Chrm       #.......     82%         3    ####...
 Spider Form              Tmut/Pois      #.........   82%         3    ####...
 Summon Guardian Golem    Hex/Summ       #.......     82%         3    ####...
 Vampiric Draining        Necr           #.........   82%         3    ####...
 Animate Dead             Necr           N/A          99%         4    #####..
 Cause Fear               Hex            #.........   99%         4    #####..
 Ice Form                 Ice/Tmut       #.......     99%         4    #####..
 Iskenderun's Mystic Bla  Conj           #.......     99%         4    #####..
 Leda's Liquefaction      Hex/Erth       #.........   99%         4    #####..
 Passage of Golubria      Tloc           N/A          99%         4    #####..
 Petrify                  Tmut/Erth      #.......     99%         4    #####..
 Summon Ice Beast         Ice/Summ       #.......     99%         4    #####..
 Summon Lightning Spire   Summ/Air       #.......     99%         4    #####..
 Throw Icicle             Conj/Ice       #.......     99%         4    #####..
 Blade Hands              Tmut           #.........   100%        5    ######.
 Bolt of Magma            Conj/Fire/Erth #.........   100%        5    ######.
 Borgnjor's Vile Clutch   Necr/Erth      #.........   100%        5    ######.
 Lee's Rapid Deconstruct  Erth           #.........   100%        5    ######.
 Metabolic Englaciation   Hex/Ice        #.........   100%        5    ######.
 Silence                  Hex/Air        #.........   100%        5    ######.
 Summon Mana Viper        Hex/Summ       #.......     100%        5    ######.
 Yara's Violent Unravell  Hex/Tmut       #.........   100%        5    ######.
 Darkness                 Hex            #.........   100%        6    #######
 Death Channel            Necr           #.........   100%        6    #######
 Dispersal                Tloc           #.........   100%        6    #######
 Invisibility             Hex            #.......     100%        6    #######
 Iron Shot                Conj/Erth      #.........   100%        6    #######
 Simulacrum               Ice/Necr       #.........   100%        6    #######
 Shatter                  Erth           #.........   100%        9    #######
 Statue Form              Tmut/Erth      Unusable     N/A         6    N/A

Dungeon Overview and Level Annotations

Branches:
Dungeon (15/15)            Temple (0/1) D:5            Lair (6/6) D:11
 Shoals (3/4) Lair:3        Snake (0/4) Lair:3        Slime (0/5) Lair:5
    Orc (2/2) D:12            Elf (2/3) Orc:2        Vaults (0/5) D:14
 Depths (0/5) D:15

Altars:
Fedhas
Makhleb
Okawaru
Ru
Uskayaw
Xom
Beogh

Shops:
D:5 :   D:10 ?   Orc:1 *   Orc:2 ??}(!?*   Elf:1 *

Portals:
Pandemonium: Orc:2

Annotations:
D:3 3 runed doors, Barsley's ghost, amateur SpEn
Shoals:3 Ilsuiw


Innate Abilities, Weirdness & Mutations

You are resistant to torment.
Your stone body is resilient. (AC +13)
You are immune to poison.
Your large and strong wings let you fly indefinitely.
You resist negative energy. (rN+)
You are resistant to electric shocks. (rElec)
You can survive without breathing.
You are immune to petrification.
You are immune to rotting.


Message History

The merfolk siren chants its luring song.
The merfolk hits you from afar with a trident.
* * * LOW HITPOINT WARNING * * *
The water elemental completely misses you.
The merfolk impaler hits you but does no damage.
Your deep troll bites something!
Your deep troll claws something!
Your deep troll claws something.
You pummel the merfolk impaler!!
You kill the merfolk impaler!
Trog accepts your kill.
You hear a splash. x2
Something hits your deep troll but does no damage.
The merfolk impaler completely misses you.
The merfolk siren chants its luring song.
Your deep troll closely misses something.
Your deep troll misses something.
Your deep troll claws something!
You slip free of the water engulfing you.
You are feeling hungry.
The water elemental hits you!
You die...

≈≈≈≈...≈≈≈≈≈≈≈≈≈≈≈
≈≈≈≈≈≈≈≈≈≈≈≈≈≈≈≈≈≈≈≈ ≈≈
≈≈≈≈≈≈≈≈≈≈≈≈≈≈≈≈≈≈.# ≈≈≈
#≈≈≈≈≈≈≈≈≈≈≈≈≈≈≈≈≈.##.≈≈
#.≈≈≈≈≈≈≈≈≈≈≈≈≈≈≈≈....≈≈
..≈≈≈≈≈≈≈≈≈≈≈≈≈≈≈≈≈≈≈≈≈.
..≈≈≈≈≈≈≈≈≈≈≈≈≈≈≈≈.≈≈≈≈≈
.≈≈≈≈≈≈≈≈≈≈≈≈≈≈≈≈mm≈≈...
#.≈≈≈≈≈≈≈≈≈≈≈≈≈≈@E≈≈≈≈##
#(≈≈≈≈≈≈≈≈≈≈≈≈≈≈≈{m≈E≈≈.
.≈≈≈≈≈≈≈≈≈≈≈≈≈≈≈≈≈T≈≈≈≈≈
≈≈≈≈≈≈≈≈≈≈≈≈≈≈≈≈≈≈≈≈≈≈≈≈
≈≈≈≈≈≈≈≈≈≈≈≈≈≈≈≈≈≈≈≈≈≈≈≈
≈≈≈≈≈≈≈≈≈≈≈≈≈≈≈≈≈≈≈≈≈≈≈≈
≈≈≈≈≈≈≈≈≈≈≈≈≈≈≈≈≈≈≈≈≈≈≈≈
≈≈≈≈≈≈≈≈≈≈≈≈≈≈≈≈≈≈≈≈≈≈≈≈
≈≈≈≈≈≈≈≈≈≈≈≈≈≈≈≈≈≈≈≈≈≈≈≈


You could see a merfolk impaler, a merfolk, 2 water elementals, a merfolk siren
and a friendly deep troll (berserk).

Vanquished Creatures
  Rupert (D:13)
  The ghost of bmj180 the Minotaur Blade, an adept MiFi of Hepliaklqana (Elf:2)
  Kirke (Lair:4)
  A deep elf sorcerer (Elf:1)
  A frost giant (Shoals:2)
  The ghost of bmj180 the Fencer, a journeyman MiFi of Cheibriados (Lair:6)
  2 stone giants
  A deep elf demonologist (Elf:2)
  A dire elephant (Lair:6)
  Azrael (D:12)
  2 merfolk javelineers
  An ettin (D:15)
  A blizzard demon (IceCv)
  Josephine (Lair:5)
  Snorg (Lair:5)
  3 merfolk impalers
  A fire dragon (Lair:6)
  Erolcha (D:13)
  6 hydras
  5 vault guards (D:14)
  A merfolk avatar (Shoals:3)
  Erica (D:9)
  2 centaur warriors (D:13)
  7 two-headed ogres
  A satyr (Shoals:2)
  8 orc high priests
  2 tengu warriors
  A queen ant (D:9)
  24 dancing weapons
  Sonja (Lair:4)
  10 deep elf knights
  A hell knight (D:15)
  A torturous demonspawn (Orc:2)
  A sea snake (Shoals:1)
  A wizard (D:14)
  An infernal demonspawn (Orc:2)
  An unseen horror (D:12)
  A swamp dragon (Lair:6)
  3 deep elf archers
  Pikel (D:8)
  4 orc knights
  8 harpies
  39 deep elf magi
  A wolf spider zombie (D:14)
  5 ugly things
  A wolf spider (Lair:6)
  8 manticores
  6 orc sorcerers
  13 cyclopes
  12 fauns
  3 ice statues
  2 rust devils (Orc:2)
  2 water nymphs
  5 black mambas
  6 elephants (Lair:5)
  A guardian serpent (Lair:6)
  2 orange demons (Orc:2)
  3 merfolk sirens
  Psyche (D:8)
  10 gargoyles
  12 spiny frogs
  An eye of devastation (Lair:5)
  A kobold demonologist (D:14)
  8 rime drakes
  An efreet (Volcano)
  2 yaktaurs
  13 ice devils
  2 tengu conjurers (D:15)
  10 komodo dragons
  3 trolls
  A wandering mushroom (Lair:6)
  21 merfolk
  A queen bee (D:11)
  A polar bear (Lair:2)
  A troll (shapeshifter) (D:14)
  3 wind drakes
  4 hornets
  8 blink frogs
  10 dream sheep
  15 hippogriffs
  A meliai zombie (D:14)
  2 water elementals
  4 snapping turtles
  Sigmund (D:3)
  An air elemental (Elf:1)
  A shadow (D:15)
  6 wraiths
  2 redbacks (Lair:6)
  A vampire (D:15)
  9 fire elementals
  A human (D:14)
  37 yaks
  Grum (D:8)
  11 basilisks
  3 spriggans
  15 wyverns
  3 hungry ghosts
  2 vampire mosquitoes (D:13)
  The ghost of Frank the Slasher, an amateur OpFi (D:4)
  3 wargs
  2 acid dragons
  21 soldier ants
  27 water moccasins
  6 hell hounds
  5 porcupines
  2 swamp drakes (Lair:6)
  26 orc warriors
  5 sky beasts
  5 eyes of draining
  2 ice beasts
  3 black bears
  3 ogres
  5 necrophages
  A phantom (D:7)
  8 wolves
  6 centaurs
  3 big kobolds (D:14)
  18 crocodiles
  23 bullfrogs
  3 earth elementals
  A wyvern zombie (D:14)
  5 scorpions
  29 killer bees
  5 wights (D:11)
  2 electric eels
  6 howler monkeys
  3 crimson imps
  2 bullfrog zombies
  6 centaur zombies
  8 jellies
  6 hounds
  Crazy Yiuf (D:7)
  23 orc priests
  5 bullfrog skeletons
  10 centaur skeletons
  6 iguanas
  18 orc wizards
  24 worker ants
  2 killer bee zombies
  A hound zombie (D:7)
  2 hound skeletons
  Robin (D:3)
  2 worker ant zombies
  7 gnolls
  17 adders
  2 shadow imps (D:6)
  3 white imps (IceCv)
  11 ufetubi (IceCv)
  An adder skeleton (D:7)
  3 adder zombies
  4 worms
  3 dart slugs
  6 leopard geckos
  89 orcs
  13 giant cockroaches
  18 goblins
  8 hobgoblins
  5 jackals
  14 kobolds
  7 quokkas
  A ball python (Lair:3)
  8 bats
  2 frilled lizards
  A jackal zombie (D:7)
  A quokka skeleton (D:4)
  10 rats
1033 creatures vanquished.

Vanquished Creatures (collateral kills)
  A merfolk siren (Shoals:3)
  A spiny frog (Lair:6)
  A komodo dragon (Lair:2)
  A merfolk (Shoals:3)
  A redback (Lair:6)
  A porcupine (Lair:2)
6 creatures vanquished.

Vanquished Creatures (others)
  A merfolk javelineer (Shoals:3)
  A deep elf knight (Elf:2)
  A jumping spider (shapeshifter) (Elf:2)
  A human (Lair:4)
  2 slaves (D:8)
  An orc warrior (Orc:2)
  3 white imps (IceCv)
  2 ufetubi (IceCv)
  7 fungi
  15 plants
34 creatures vanquished.

Grand Total: 1073 creatures vanquished

Notes
Turn   | Place    | Note
-------+----------+-------------------------------------------
     0 | D:1      | HoaS the Gargoyle Berserker began the quest for the Orb.
     0 | D:1      | Reached XP level 1. HP: 14/14 MP: 1/1
   216 | D:1      | Reached XP level 2. HP: 19/19 MP: 2/2
   632 | D:1      | Reached XP level 3. HP: 21/23 MP: 3/3
   787 | D:2      | Reached ** piety under Trog
  1017 | D:2      | Found a hide-covered altar of Uskayaw.
  1019 | D:2      | Reached XP level 4. HP: 27/28 MP: 4/4
  1203 | D:3      | Found a sacrificial altar of Ru.
  1216 | D:3      | Reached skill level 5 in Unarmed Combat
  1446 | D:3      | Found a runed gate.
  1446 | D:3      | Found a runed gate.
  1447 | D:3      | Found a runed gate.
  1479 | D:3      | Noticed Barsley's ghost (amateur SpEn)
  1479 | D:3      | Noticed Robin
  1535 | D:3      | Killed Robin
  1538 | D:3      | Reached *** piety under Trog
  1585 | D:3      | Reached XP level 5. HP: 25/33 MP: 5/5
  1755 | D:3      | Noticed Sigmund
  1781 | D:3      | Killed Sigmund
  1781 | D:3      | Reached XP level 6. HP: 34/39 MP: 6/6
  2305 | D:4      | Found an iron altar of Okawaru.
  2367 | D:4      | Reached skill level 5 in Fighting
  2472 | D:4      | Reached XP level 7. HP: 44/44 MP: 7/7
  2768 | D:4      | Found a runed gate.
  2769 | D:4      | Found a runed gate.
  2769 | D:4      | Noticed Frank's ghost (amateur OpFi)
  2770 | D:4      | Found a runed gate.
  2771 | D:4      | Found a roughly hewn altar of Beogh.
  2817 | D:5      | Entered Level 5 of the Dungeon
  3237 | D:5      | Reached **** piety under Trog
  3422 | D:5      | Found Basir's Book Emporium.
  3535 | D:5      | Found a staircase to the Ecumenical Temple.
  3836 | D:4      | Reached XP level 8. HP: 9/52 MP: 8/8
  4008 | D:4      | Killed Frank's ghost
  4413 | D:6      | Reached skill level 5 in Armour
  4524 | D:4      | Got an encrusted scale mail
  4535 | D:4      | Identified the +7 scale mail of Sihisch {+Blink rC+ rCorr}
                  | (You took it off an orc on level 4 of the Dungeon)
  4686 | D:6      | Reached XP level 9. HP: 59/59 MP: 9/9
  5420 | D:7      | Found a burning altar of Makhleb.
  5660 | D:7      | Reached ***** piety under Trog
  5926 | D:7      | Found a runed door.
  6104 | D:7      | Noticed Crazy Yiuf
  6110 | D:7      | Killed Crazy Yiuf
  6295 | D:8      | Noticed Grum
  6338 | D:8      | Killed Grum
  6338 | D:8      | Reached XP level 10. HP: 43/66 MP: 10/10
  6823 | D:8      | Found a blossoming altar of Fedhas.
  7117 | D:8      | Noticed Pikel
  7129 | D:8      | Killed Pikel
  7129 | D:8      | Reached skill level 10 in Fighting
  7129 | D:8      | Reached skill level 10 in Unarmed Combat
  7181 | D:8      | Noticed Psyche
  7205 | D:8      | Killed Psyche
  7364 | D:8      | Noticed a gargoyle
  7385 | D:8      | Killed a gargoyle
  7395 | D:8      | Noticed a gargoyle
  7403 | D:8      | Killed a gargoyle
  7532 | D:8      | Noticed a gargoyle
  7547 | D:8      | Killed a gargoyle
  7776 | D:8      | Noticed a gargoyle
  7785 | D:8      | Killed a gargoyle
  7791 | D:8      | Noticed a gargoyle
  7797 | D:8      | Killed a gargoyle
  8016 | D:9      | Reached XP level 11. HP: 64/73 MP: 11/11
  8168 | D:9      | Noticed a queen ant
  8195 | D:9      | Killed a queen ant
  8394 | D:9      | Noticed Erica
  8405 | D:9      | Killed Erica
  8405 | D:9      | Reached skill level 5 in Dodging
  8580 | D:9      | Noticed a two-headed ogre
  8591 | D:9      | Killed a two-headed ogre
  9093 | D:10     | Entered Level 10 of the Dungeon
  9122 | D:10     | Found Wammun's Magic Scroll Boutique.
  9136 | D:10     | Bought a scroll of remove curse for 39 gold pieces
  9136 | D:10     | Bought a scroll of magic mapping for 45 gold pieces
  9136 | D:10     | Bought a scroll of identify for 26 gold pieces
  9136 | D:10     | Bought a scroll of teleportation for 39 gold pieces
  9136 | D:10     | Bought a scroll of blinking for 97 gold pieces
  9136 | D:10     | Bought a scroll of identify for 26 gold pieces
  9228 | D:10     | Received a gift from Trog
  9508 | D:11     | Reached XP level 12. HP: 76/81 MP: 12/12
 10484 | D:11     | Noticed a two-headed ogre
 10509 | D:11     | Killed a two-headed ogre
 10677 | D:11     | Found a staircase to the Lair.
 10880 | D:12     | Noticed a two-headed ogre
 10893 | D:12     | Killed a two-headed ogre
 10948 | D:12     | Received a gift from Trog
 11437 | D:12     | Found a staircase to the Orcish Mines.
 11785 | Lair:1   | Entered Level 1 of the Lair of Beasts
 12048 | Lair:1   | Reached XP level 13. HP: 80/88 MP: 13/13
 12290 | Lair:1   | Reached skill level 10 in Armour
 12643 | Lair:2   | Found a dark tunnel.
 12655 | Volcano  | Entered a volcano
 12681 | Volcano  | Got a pair of dazzling boots
 12692 | Volcano  | Identified the +3 pair of boots of Pimeato {Dex+6 Stlth+}
                  | (You found it in a volcano)
 12700 | Volcano  | Noticed a stone giant
 12713 | Volcano  | Killed a stone giant
 13798 | Lair:3   | Found a staircase to the Shoals.
 13989 | Lair:3   | Received a gift from Trog
 14067 | Lair:3   | Found a staircase to the Snake Pit.
 14596 | Lair:4   | Noticed Kirke
 14676 | Lair:4   | Killed Kirke
 15636 | Lair:4   | Noticed Sonja
 15638 | Lair:4   | Killed Sonja
 15638 | Lair:4   | Gained mutation: Your large and strong wings let you fly
                  | indefinitely. [Gargoyle growth]
 15638 | Lair:4   | Reached XP level 14. HP: 96/96 MP: 14/14
 15960 | Lair:5   | Reached skill level 15 in Fighting
 16054 | Lair:5   | Noticed Snorg
 16073 | Lair:5   | Killed Snorg
 16123 | Lair:5   | Found a staircase to the Slime Pits.
 16384 | Lair:5   | Noticed Josephine
 16404 | Lair:5   | Killed Josephine
 16434 | Lair:5   | Reached ****** piety under Trog
 17181 | Lair:6   | Entered Level 6 of the Lair of Beasts
 17223 | Lair:6   | Noticed a dire elephant
 17241 | Lair:6   | Killed a dire elephant
 17291 | Lair:6   | Received a gift from Trog
 17533 | Lair:6   | Reached skill level 15 in Unarmed Combat
 17660 | Lair:6   | Found a runed door.
 17854 | Lair:6   | Reached XP level 15. HP: 68/104 MP: 15/15
 18558 | Lair:6   | Found a shimmering altar of Xom.
 18560 | Lair:6   | Noticed bmj180's ghost (journeyman MiFi)
 18695 | Lair:6   | Killed bmj180's ghost
 18697 | Lair:6   | Got an encrusted great sword {chaos}
 18706 | Lair:6   | Got a translucent ring mail
 18707 | Lair:6   | Identified the +0 ring mail "Otutz" {MR+} (You found it on
                  | level 6 of the Lair of Beasts)
 18708 | Lair:6   | Identified the +6 great sword "Tesoris" {chaos, rPois} (You
                  | subdued it on level 6 of the Lair of Beasts)
 19104 | Orc:1    | Entered Level 1 of the Orcish Mines
 19181 | Orc:1    | Found Ineutako's Assorted Antiques.
 19191 | Orc:1    | Bought a scroll labeled UKUUH DOADWOMOU for 24 gold pieces
 19454 | Orc:2    | Entered Level 2 of the Orcish Mines
 19454 | Orc:2    | Found Zeqyud's Magic Scroll Shop.
 19454 | Orc:2    | Found a staircase to the Elven Halls.
 19476 | Orc:2    | Bought a scroll of blinking for 120 gold pieces
 19476 | Orc:2    | Bought a scroll of remove curse for 48 gold pieces
 19476 | Orc:2    | Bought a scroll of identify for 32 gold pieces
 19476 | Orc:2    | Bought a scroll of teleportation for 48 gold pieces
 19476 | Orc:2    | Bought a scroll of teleportation for 48 gold pieces
 19481 | Orc:2    | Found a burning altar of Makhleb.
 19565 | Orc:2    | Found Luoqoal's Assorted Antiques.
 19568 | Orc:2    | Bought a scroll of teleportation for 72 gold pieces
 19568 | Orc:2    | Bought a scroll of silence for 180 gold pieces
 19568 | Orc:2    | Bought a potion of might for 96 gold pieces
 19735 | Orc:2    | Found Juuqupn's Distillery.
 19737 | Orc:2    | Found Heiraol's Distillery.
 20011 | Orc:2    | Bought a potion of might for 52 gold pieces
 20011 | Orc:2    | Bought a potion of heal wounds for 65 gold pieces
 20011 | Orc:2    | Bought a potion of heal wounds for 65 gold pieces
 20041 | Orc:2    | Found Niuj's Magic Scroll Boutique.
 20049 | Orc:2    | Bought a scroll of identify for 32 gold pieces
 20049 | Orc:2    | Bought a scroll of remove curse for 48 gold pieces
 20049 | Orc:2    | Bought a scroll of identify for 32 gold pieces
 20049 | Orc:2    | Bought a scroll of identify for 32 gold pieces
 20105 | Orc:2    | Found Fapna's Magic Scroll Boutique.
 20145 | Orc:2    | Bought a scroll of enchant armour for 120 gold pieces
 20243 | Orc:2    | Received a gift from Trog
 20585 | Orc:2    | Paralysed by an orc sorcerer for 3 turns
 21051 | Orc:2    | Found Caku Ett's Gadget Shop.
 21051 | Orc:2    | Found Risygyma's Antique Weapon Boutique.
 21053 | Orc:2    | Found a one-way gate leading to the halls of Pandemonium.
 21162 | Orc:2    | Bought a twisted plate armour for 672 gold pieces
 21162 | Orc:2    | Identified the cursed +1 plate armour "Sonody" {MR+ Str+3}
                  | (You bought it in a shop on level 2 of the Orcish Mines)
 21470 | D:13     | Noticed Azrael
 21472 | D:13     | Noticed Rupert
 21534 | D:12     | Killed Azrael
 21827 | D:13     | Killed Rupert
 21959 | D:13     | Noticed Erolcha
 21968 | D:13     | Killed Erolcha
 22105 | D:13     | Reached XP level 16. HP: 112/112 MP: 16/16
 22396 | D:14     | Got a pitted bone ring
 22405 | D:14     | Identified the ring of Jeenusa {*Drain rC+ Str+4 Dex+3
                  | Stlth+} (You found it on level 14 of the Dungeon)
 22816 | D:14     | Received a gift from Trog
 23279 | D:14     | Paralysed by an orc sorcerer for 7 turns
 23478 | D:14     | Found a gate to the Vaults.
 23659 | D:15     | Entered Level 15 of the Dungeon
 23785 | D:15     | Found a staircase to the Depths.
 24448 | Elf:1    | Entered Level 1 of the Elven Halls
 24560 | Elf:1    | Found Xautuupp's Assorted Antiques.
 24588 | Elf:1    | Bought a scroll of teleportation for 84 gold pieces
 24619 | Elf:1    | Received a gift from Trog
 24687 | Elf:1    | Reached skill level 10 in Dodging
 24770 | Elf:1    | Identified Sif Muna's Guide on Supportive Confrontation
 25522 | Elf:2    | Found a huge runed gate.
 25522 | Elf:2    | Found a huge runed gate.
 25523 | Elf:2    | Found a huge runed gate.
 25524 | Elf:2    | Found a huge runed gate.
 25529 | Elf:2    | Found a huge runed gate.
 25614 | Elf:2    | Reached XP level 17. HP: 108/119 MP: 17/17
 25872 | Elf:2    | Found a runed door.
 25872 | Elf:2    | Found a shimmering altar of Xom.
 25872 | Elf:2    | Noticed bmj180's ghost (adept MiFi)
 25929 | Elf:2    | Killed bmj180's ghost
 26171 | Elf:2    | Received a gift from Trog
 26706 | Elf:2    | Received a gift from Trog
 27367 | Shoals:1 | Entered Level 1 of the Shoals
 27516 | Shoals:1 | Identified Idwiliam's Collected Works on the Voyage and Air
 28566 | Shoals:2 | Received a gift from Trog
 28579 | Shoals:2 | Found a frozen archway.
 28592 | IceCv    | Entered an ice cave
 28795 | IceCv    | Found the +2 pair of boots of the Assassin {Detection Stab+
                  | Stlth++}
 28811 | IceCv    | Identified a +2 pair of boots of running (You found it in
                  | an ice cave)
 29602 | Shoals:2 | Reached XP level 18. HP: 118/126 MP: 18/18
 30369 | Shoals:3 | Received a gift from Trog
 30830 | Shoals:3 | Noticed Ilsuiw
 30869 | Shoals:3 | HP: 5/126 [merfolk impaler/trident of protection (4)]
 30871 | Shoals:3 | Slain by a water elemental

Skill      XL: |  1  2  3  4  5  6  7  8  9 10 11 12 13 14 15 16 17 |
---------------+----------------------------------------------------+-----
Unarmed Combat | 4 5 6 7 8 9 10 11 13 14 15 16 17 18 | 18.8
Fighting       | 4 5 6 7 9 10 12 13 14 16 17 18 | 18.7
Armour         | 3 4 5 6 7 8 9 10 11 12 13 14 | 14.7
Dodging        | 3 4 5 6 7 8 9 10 11 | 11.2

Action                   |  1- 3 |  4- 6 |  7- 9 | 10-12 | 13-15 | 16-18 || total
-------------------------+-------+-------+-------+-------+-------+-------++-------
Melee: Unarmed           |   148 |   221 |   541 |  1085 |  1509 |  1251 ||  4755
       Punch             |     2 |     5 |    21 |    69 |   174 |   175 ||   446
Invok: Trog's Hand       |       |     1 |     3 |     6 |     8 |     5 ||    23
       Berserk           |       |       |     2 |     1 |     5 |     1 ||     9
       Brothers in Arms  |       |       |       |       |     1 |     1 ||     2
 Abil: Fly               |       |       |       |       |     1 |       ||     1
Evoke: Wand              |       |       |       |     2 |    14 |       ||    16
  Use: Scroll            |     4 |     1 |     8 |    10 |    22 |     7 ||    52
 Stab: Invisible         |       |       |       |     3 |       |       ||     3
       Sleeping          |       |       |       |       |     2 |    16 ||    18
       Distracted        |       |       |       |       |     2 |     3 ||     5
  Eat: Chunk             |     1 |     5 |    12 |    23 |    30 |    22 ||    93
       Ration            |       |       |     1 |       |     4 |     3 ||     8
Armor: Animal skin       |    23 |       |       |       |       |       ||    23
       Leather armour    |    34 |    10 |       |       |       |       ||    44
       Ring mail         |       |    66 |    85 |       |       |       ||   151
       Scale mail        |       |       |   131 |   477 |   410 |       ||  1018
       Quicksilver drago |       |       |       |       |   210 |   665 ||   875
Dodge: Dodged            |    84 |   146 |   278 |   698 |  1236 |  1008 ||  3450
Block: Other             |       |       |       |       |       |    43 ||    43
       Reflection        |       |       |       |       |       |     3 ||     3
